TOP OF THE 1ST |
Madison Brewers batting - Pitching for Roswell Invaders : RHP Jose Rodas
|
Pitching: RHP Jose Rodas
|
|
Batting: RHB Mohammed bin Ubaida
|
0-0: Ball 1-0: Ball 2-0: Ball 3-0: Called Strike 3-1: Foul Ball, location: 2F 3-2: Fly out, F5 (Line Drive, 5, EV 66.2 MPH)
|
Batting: LHB Alex Chairez
|
0-0: Foul Ball, location: 2F 0-1: Foul Ball, location: 2F 0-2: Ball 1-2: Foul Ball, location: 2F 1-2: Reached on error, E4 (Groundball, 4, EV 90.0 MPH)
|
Batting: LHB Greg Reedy
|
0-0: Swinging Strike 0-1: Ball 1-1: Called Strike 1-2: Strikes out swinging
|
Batting: LHB Dusty Bryant
|
0-0: Called Strike 0-1: Fly out, F8 (Flyball, 8RM, EV 93.1 MPH)
|
Top of the 1st over - 0 runs, 0 hits, 1 error, 1 left on base; Madison 0 - Roswell 0 |
BOTTOM OF THE 1ST |
Roswell Invaders batting - Pitching for Madison Brewers : RHP Adam Robinson
|
Pitching: RHP Adam Robinson
|
|
Batting: LHB Danny Salas
|
0-0: Bunt for hit to 13 - play at first, batter OUT! 1-3
|
Batting: RHB Chris Jones
|
0-0: Ground out 1-3 (Groundball, P, EV 72.5 MPH)
|
Batting: LHB Falco van Koeveringe
|
0-0: Ball 1-0: Fly out, F7 (Line Drive, 7, EV 92.5 MPH)
|
Bottom of the 1st over - 0 runs, 0 hits, 0 errors, 0 left on base; Madison 0 - Roswell 0 |
TOP OF THE 2ND |
Madison Brewers batting - Pitching for Roswell Invaders : RHP Jose Rodas
|
Batting: LHB Jesus Huante
|
0-0: Ball 1-0: Ball 2-0: Swinging Strike 2-1: Ball 3-1: Base on Balls
|
Batting: LHB Tony Hasbun
|
0-0: Ball 1-0: Ball 2-0: Ball 3-0: Called Strike 3-1: Called Strike 3-2: Strikes out swinging
|
Batting: RHB Manny Olave
|
0-0: Foul Ball, location: 2F 0-1: Swinging Strike 0-2: Strikes out swinging
|
Batting: RHB Lorenzo Diaz
|
0-0: Ball 1-0: Ball Jesus Huante steals 2nd base 2-0: Ball 3-0: Base on Balls
|
Batting: RHB Malcolm McCauley
|
0-0: Called Strike 0-1: Ball 1-1: Fielders Choice at 2nd, 6-4 (Groundball, 56D, EV 85.0 MPH)
|
Top of the 2nd over - 0 runs, 0 hits, 0 errors, 2 left on base; Madison 0 - Roswell 0 |
BOTTOM OF THE 2ND |
Roswell Invaders batting - Pitching for Madison Brewers : RHP Adam Robinson
|
Batting: RHB John Ricketts
|
0-0: Ball 1-0: Called Strike 1-1: Foul Ball, location: 2F 1-2: Foul Ball, location: 2F 1-2: Ball 2-2: Strikes out swinging
|
Batting: RHB David Powell
|
0-0: Ball 1-0: Ball 2-0: Ball 3-0: Called Strike 3-1: Base on Balls
|
Batting: LHB Angelo Lira
|
0-0: Ball 1-0: Called Strike 1-1: Swinging Strike 1-2: Hit by Pitch David Powell to second
|
Batting: RHB Devon House
|
0-0: Fly out, F9 (Flyball, 9, EV 83.8 MPH)
|
Batting: RHB Isaiah Hampton
|
0-0: Called Strike 0-1: Swinging Strike 0-2: Ball 1-2: Fly out, F7 (Flyball, 78M, EV 90.6 MPH)
|
Bottom of the 2nd over - 0 runs, 0 hits, 0 errors, 2 left on base; Madison 0 - Roswell 0 |
TOP OF THE 3RD |
Madison Brewers batting - Pitching for Roswell Invaders : RHP Jose Rodas
|
Batting: RHB Mohammed bin Ubaida
|
0-0: Swinging Strike 0-1: Ball 1-1: DOUBLE (Flyball, 89D, EV 105.0 MPH)
|
Batting: LHB Alex Chairez
|
0-0: SINGLE (Groundball, 56, EV 101.2 MPH) (infield hit) Mohammed bin Ubaida to third
|
Batting: LHB Greg Reedy
|
0-0: Ball 1-0: Fielders Choice at 2nd, 6-4 (Groundball, 6, EV 90.6 MPH) Mohammed bin Ubaida scores
|
Batting: LHB Dusty Bryant
|
0-0: Ball 1-0: Ball 2-0: Called Strike 2-1: Fielders Choice at 2nd, 2-6 (Groundball, 13S, EV 66.9 MPH)
|
Batting: LHB Jesus Huante
|
0-0: Swinging Strike 0-1: Foul Ball, location: 2F 0-2: Strikes out swinging
|
Top of the 3rd over - 1 run, 2 hits, 0 errors, 1 left on base; Madison 1 - Roswell 0 |
BOTTOM OF THE 3RD |
Roswell Invaders batting - Pitching for Madison Brewers : RHP Adam Robinson
|
Batting: RHB Carlos Gonzalez
|
0-0: Swinging Strike 0-1: Ball 1-1: Ball 2-1: Swinging Strike 2-2: Ball 3-2: SINGLE (Groundball, 6MD, EV 100.6 MPH)
|
Batting: LHB Danny Salas
|
0-0: Ball 1-0: Called Strike 1-1: Ball 2-1: Called Strike 2-2: Fly out, F8 (Line Drive, 89S, EV 93.1 MPH)
|
Batting: RHB Chris Jones
|
0-0: Foul Ball, location: 2F 0-1: Ball 1-1: Called Strike 1-2: Foul Ball, location: 2F 1-2: Fly out, F9 (Line Drive, 9, EV 105.0 MPH)
|
Batting: LHB Falco van Koeveringe
|
0-0: Swinging Strike 0-1: Ball 1-1: 2-RUN HOME RUN (Flyball, 9D, EV 101.9 MPH), Distance : 377 ft
|
Batting: RHB John Ricketts
|
0-0: Called Strike 0-1: Ground out 4-3 (Groundball, 4, EV 85.6 MPH)
|
Bottom of the 3rd over - 2 runs, 2 hits, 0 errors, 0 left on base; Madison 1 - Roswell 2 |
TOP OF THE 4TH |
Madison Brewers batting - Pitching for Roswell Invaders : RHP Jose Rodas
|
Batting: LHB Tony Hasbun
|
0-0: Called Strike 0-1: Called Strike 0-2: Ball 1-2: Strikes out swinging
|
Batting: RHB Manny Olave
|
0-0: Fly out, F7 (Flyball, 7, EV 96.2 MPH)
|
Batting: RHB Lorenzo Diaz
|
0-0: Foul Ball, location: 2F 0-1: Ball 1-1: Swinging Strike 1-2: Strikes out looking
|
Top of the 4th over - 0 runs, 0 hits, 0 errors, 0 left on base; Madison 1 - Roswell 2 |
BOTTOM OF THE 4TH |
Roswell Invaders batting - Pitching for Madison Brewers : RHP Adam Robinson
|
Batting: RHB David Powell
|
0-0: Ball 1-0: SINGLE (Groundball, 56D, EV 103.1 MPH)
|
Batting: LHB Angelo Lira
|
0-0: Ball 1-0: Foul Ball, location: 2F 1-1: Swinging Strike 1-2: Fly out, F7 (Line Drive, 7, EV 109.4 MPH)
|
Batting: RHB Devon House
|
0-0: Foul Ball, location: 2F 0-1: Foul Ball, location: 2F 0-2: Ball 1-2: Ball 2-2: Foul Ball, location: 2F 2-2: Strikes out looking
|
Batting: RHB Isaiah Hampton
|
0-0: Ball 1-0: Ball 2-0: Foul Ball, location: 2F 2-1: Foul Ball, location: 2F 2-2: Ball 3-2: Foul Ball, location: 2F 3-2: Strikes out swinging
|
Bottom of the 4th over - 0 runs, 1 hit, 0 errors, 1 left on base; Madison 1 - Roswell 2 |
TOP OF THE 5TH |
Madison Brewers batting - Pitching for Roswell Invaders : RHP Jose Rodas
|
Batting: RHB Malcolm McCauley
|
0-0: SINGLE (Groundball, 56D, EV 95.6 MPH)
|
Batting: RHB Mohammed bin Ubaida
|
0-0: Ball Malcolm McCauley steals 2nd, throwing error, E2 Malcolm McCauley to third 1-0: Ball 2-0: Ball 3-0: Base on Balls
|
Batting: LHB Alex Chairez
|
0-0: Called Strike Mohammed bin Ubaida steals 2nd base 0-1: Foul Ball, location: 2F 0-2: Ball 1-2: Foul Ball, location: 2F 1-2: Ball 2-2: Ball 3-2: Foul Ball, location: 2F 3-2: Foul Ball, location: 2F 3-2: Ground out 4-3 (Groundball, 4M, EV 90.6 MPH) Malcolm McCauley scores Mohammed bin Ubaida to third
|
Batting: LHB Greg Reedy
|
0-0: Ball 1-0: Called Strike 1-1: Foul Ball, location: 2F 1-2: Strikes out swinging
|
Batting: LHB Dusty Bryant
|
0-0: Ball 1-0: Ball 2-0: Ball 3-0: Base on Balls
|
Batting: LHB Jesus Huante
|
0-0: Ball 1-0: Foul Ball, location: 2F 1-1: Ball 2-1: Fly out, F8 (Flyball, 8RD, EV 86.9 MPH)
|
Top of the 5th over - 1 run, 1 hit, 1 error, 2 left on base; Madison 2 - Roswell 2 |
BOTTOM OF THE 5TH |
Roswell Invaders batting - Pitching for Madison Brewers : RHP Adam Robinson
|
Batting: RHB Carlos Gonzalez
|
0-0: Called Strike 0-1: Called Strike 0-2: Foul Ball, location: 2F 0-2: Foul Ball, location: 2F 0-2: Strikes out looking
|
Batting: LHB Danny Salas
|
0-0: Swinging Strike 0-1: Swinging Strike 0-2: SOLO HOME RUN (Flyball, 7D, EV 94.4 MPH), Distance : 365 ft
|
Batting: RHB Chris Jones
|
0-0: Ball 1-0: Ball 2-0: Ball 3-0: Called Strike 3-1: Base on Balls
|
Batting: LHB Falco van Koeveringe
|
0-0: Called Strike Chris Jones steals 2nd base 0-1: Ball 1-1: Ball 2-1: Ball 3-1: Called Strike 3-2: Foul Ball, location: 2F 3-2: Foul Ball, location: 2F 3-2: Foul Ball, location: 2F 3-2: Foul Ball, location: 2F 3-2: SINGLE (Groundball, 34D, EV 103.1 MPH) Chris Jones to third Runner from 3rd tries for Home, throw by RF and OUT! 9-2 Falco van Koeveringe to second
|
Batting: RHB John Ricketts
|
0-0: Ball 1-0: Ball 2-0: Ball 3-0: Base on Balls
|
Batting: RHB David Powell
|
0-0: Ball 1-0: Ball 2-0: Ball 3-0: Called Strike 3-1: Called Strike 3-2: Base on Balls Falco van Koeveringe to third John Ricketts to second
|
Batting: LHB Angelo Lira
|
0-0: Called Strike 0-1: Ball 1-1: Foul Ball, location: 2F 1-2: Foul Ball, location: 2F 1-2: Strikes out swinging
|
Bottom of the 5th over - 1 run, 2 hits, 0 errors, 3 left on base; Madison 2 - Roswell 3 |
TOP OF THE 6TH |
Madison Brewers batting - Pitching for Roswell Invaders : RHP Jose Rodas
|
Pitching: LHP Ricky Ramirez
|
|
Pinch Hitting: RHB Troy Morin
|
0-0: Bunted foul 0-1: Ball 1-1: Called Strike 1-2: Strikes out looking
|
Batting: RHB Manny Olave
|
0-0: Called Strike 0-1: Fly out, F8 (Flyball, 8LS, EV 91.9 MPH)
|
Batting: RHB Lorenzo Diaz
|
0-0: Ball 1-0: Fly out, F7 (Line Drive, 7, EV 86.2 MPH)
|
Top of the 6th over - 0 runs, 0 hits, 0 errors, 0 left on base; Madison 2 - Roswell 3 |
BOTTOM OF THE 6TH |
Roswell Invaders batting - Pitching for Madison Brewers : RHP Adam Robinson
|
Now at 3B: Tony Beaumond
|
|
Batting: RHB Devon House
|
0-0: Called Strike 0-1: Foul Ball, location: 2F 0-2: Foul Ball, location: 2F 0-2: Strikes out swinging
|
Batting: RHB Isaiah Hampton
|
0-0: Ball 1-0: Swinging Strike 1-1: Ball 2-1: Foul Ball, location: 2F 2-2: Ball 3-2: Base on Balls
|
Batting: RHB Carlos Gonzalez
|
0-0: Called Strike Isaiah Hampton steals 2nd base 0-1: Foul Ball, location: 2F 0-2: Strikes out looking
|
Batting: LHB Danny Salas
|
0-0: Called Strike 0-1: Fly out, F8 (Flyball, 8RM, EV 91.2 MPH)
|
Bottom of the 6th over - 0 runs, 0 hits, 0 errors, 1 left on base; Madison 2 - Roswell 3 |
TOP OF THE 7TH |
Madison Brewers batting - Pitching for Roswell Invaders : LHP Ricky Ramirez
|
Batting: RHB Malcolm McCauley
|
0-0: Swinging Strike 0-1: Ball 1-1: Ball 2-1: Ball 3-1: Swinging Strike 3-2: Strikes out swinging
|
Batting: RHB Mohammed bin Ubaida
|
0-0: Called Strike 0-1: SINGLE (Groundball, 56, EV 99.4 MPH)
|
Batting: RHB Wiliama Dana
|
0-0: Swinging Strike 0-1: SINGLE (Line Drive, 7S, EV 103.8 MPH) Mohammed bin Ubaida to second
|
Batting: LHB Greg Reedy
|
0-0: Ball Mohammed bin Ubaida steals 3rd base Wiliama Dana to second 1-0: Foul Ball, location: 2F 1-1: Ball 2-1: Called Strike 2-2: SINGLE (Groundball, P, EV 90.6 MPH) (infield hit) Mohammed bin Ubaida scores Wiliama Dana to third
|
Batting: LHB Dusty Bryant
|
0-0: SINGLE (Groundball, 4, EV 100.6 MPH) Wiliama Dana scores Greg Reedy to second
|
Batting: LHB Jesus Huante
|
0-0: Ball 1-0: Ball 2-0: Ball 3-0: Called Strike 3-1: Fly out, F1 (Line Drive, P, EV 62.5 MPH)
|
Pitching: LHP Sam Davis
|
|
Batting: RHB Tony Beaumond
|
0-0: Ball 1-0: Ball 2-0: 3-RUN HOME RUN (Flyball, 89XD, EV 106.2 MPH), Distance : 432 ft
|
Batting: RHB Manny Olave
|
0-0: Ball 1-0: Foul Ball, location: 2F 1-1: Foul Ball, location: 2F 1-2: Foul Ball, location: 2F 1-2: Ball 2-2: Ground out 6-3 (Groundball, 6, EV 82.5 MPH)
|
Top of the 7th over - 5 runs, 5 hits, 0 errors, 0 left on base; Madison 7 - Roswell 3 |
BOTTOM OF THE 7TH |
Roswell Invaders batting - Pitching for Madison Brewers : RHP Adam Robinson
|
Batting: RHB Chris Jones
|
0-0: Ball 1-0: SOLO HOME RUN (Flyball, 7LD, EV 95.6 MPH), Distance : 345 ft
|
Batting: LHB Falco van Koeveringe
|
0-0: Ball 1-0: Ball 2-0: Ball 3-0: Base on Balls
|
Pitching: RHP Austin Sweetman
|
|
Batting: RHB John Ricketts
|
0-0: Foul Ball, location: 2F 0-1: Ball 1-1: Ball 2-1: Ball 3-1: Base on Balls Falco van Koeveringe to second
|
Batting: RHB David Powell
|
0-0: Ball 1-0: Fly out, F9 (Flyball, 9LM, EV 92.5 MPH) Runner from 2nd tags up, SAFE at 3rd with throw by RF
|
Batting: LHB Angelo Lira
|
0-0: Called Strike 0-1: Called Strike 0-2: Strikes out looking John Ricketts is caught stealing 2nd base 2-6 Batter strikes out.
|
Bottom of the 7th over - 1 run, 1 hit, 0 errors, 1 left on base; Madison 7 - Roswell 4 |
TOP OF THE 8TH |
Madison Brewers batting - Pitching for Roswell Invaders : LHP Sam Davis
|
Batting: RHB Lorenzo Diaz
|
0-0: Ground out 5-3 (Groundball, 56, EV 80.0 MPH)
|
Batting: RHB Malcolm McCauley
|
0-0: Swinging Strike 0-1: Swinging Strike 0-2: Strikes out swinging
|
Batting: RHB Mohammed bin Ubaida
|
0-0: Reached on error, E5 (Groundball, 56, EV 81.9 MPH)
|
Batting: RHB Wiliama Dana
|
0-0: Ball Mohammed bin Ubaida is caught stealing 2nd base 2-4
|
Top of the 8th over - 0 runs, 0 hits, 1 error, 0 left on base; Madison 7 - Roswell 4 |
BOTTOM OF THE 8TH |
Roswell Invaders batting - Pitching for Madison Brewers : RHP Austin Sweetman
|
Pinch Hitting: RHB Jose Cuellar
|
0-0: Called Strike 0-1: Ball 1-1: Ball 2-1: Ball 3-1: Foul Ball, location: 2F 3-2: Strikes out swinging
|
Batting: RHB Isaiah Hampton
|
0-0: Foul Ball, location: 2F 0-1: Ball 1-1: Ball 2-1: Foul Ball, location: 2F 2-2: Fly out, F8 (Flyball, 8RD, EV 92.5 MPH)
|
Batting: RHB Carlos Gonzalez
|
0-0: Called Strike 0-1: Reaches on Catchers interference
|
Batting: LHB Danny Salas
|
0-0: Ball 1-0: Ball 2-0: Called Strike 2-1: Ball 3-1: Base on Balls Carlos Gonzalez to second
|
Batting: RHB Chris Jones
|
0-0: Ball 1-0: Reached on error, E6 (Groundball, 6, EV 103.1 MPH) Carlos Gonzalez to third Danny Salas to second
|
Batting: LHB Falco van Koeveringe
|
Balk! Carlos Gonzalez scores Danny Salas to third Chris Jones to second 0-0: Foul Ball, location: 2F 0-1: Ball 1-1: Ball 2-1: Ball 3-1: Fly out, F9 (Flyball, 89XD, EV 99.4 MPH)
|
Bottom of the 8th over - 1 run, 0 hits, 2 errors, 2 left on base; Madison 7 - Roswell 5 |
TOP OF THE 9TH |
Madison Brewers batting - Pitching for Roswell Invaders : LHP Sam Davis
|
Now at 3B: Jose Cuellar
|
|
Batting: RHB Wiliama Dana
|
0-0: Ball 1-0: Ball 2-0: Called Strike 2-1: Ball 3-1: Base on Balls
|
Batting: LHB Greg Reedy
|
0-0: Ball 1-0: Foul Ball, location: 2F 1-1: Ball 2-1: Called Strike 2-2: Strikes out looking
|
Batting: LHB Dusty Bryant
|
0-0: Foul Ball, location: 2F 0-1: Foul Ball, location: 2F 0-2: Ball 1-2: DOUBLE (Line Drive, 3D, EV 95.6 MPH) Wiliama Dana to third
|
Batting: LHB Jesus Huante
|
0-0: Ball 1-0: Foul Ball, location: 2F 1-1: Foul Ball, location: 2F 1-2: Foul Ball, location: 2F 1-2: Foul Ball, location: 2F 1-2: Foul Ball, location: 2F 1-2: Strikes out swinging
|
Pitching: LHP Bobby Manning
|
|
Batting: RHB Tony Beaumond
|
0-0: Ball 1-0: Ball 2-0: Fly out, F7 (Flyball, 78D, EV 108.8 MPH)
|
Top of the 9th over - 0 runs, 1 hit, 0 errors, 2 left on base; Madison 7 - Roswell 5 |
BOTTOM OF THE 9TH |
Roswell Invaders batting - Pitching for Madison Brewers : RHP Austin Sweetman
|
Batting: RHB John Ricketts
|
0-0: Foul Ball, location: 2F 0-1: Foul Ball, location: 2F 0-2: Ball 1-2: Ball 2-2: Ball 3-2: Foul Ball, location: 2F 3-2: Fly out, F9 (Flyball, 89D, EV 96.2 MPH)
|
Batting: RHB David Powell
|
0-0: Foul Ball, location: 2F 0-1: Ball 1-1: SOLO HOME RUN (Flyball, 7LD, EV 92.5 MPH), Distance : 338 ft
|
Batting: LHB Angelo Lira
|
0-0: Called Strike 0-1: Fly out, F8 (Line Drive, 8RD, EV 96.2 MPH)
|
Batting: RHB Jose Cuellar
|
0-0: Ball 1-0: Called Strike 1-1: Ball 2-1: Ground out 6-3 (Groundball, 6, EV 103.8 MPH)
|
Bottom of the 9th over - 1 run, 1 hit, 0 errors, 0 left on base; Madison 7 - Roswell 6 |
|